 Dungeon Crawl Stone Soup version 0.29-a0-887-gcbe080d7e0 (webtiles) character file.

Game seed: 17246731012960685052

46 IdlyInterested the Cudgeller (level 3, 0/27 HPs)
             Began as a Demonspawn Gladiator on July 21, 2022.
             Slain by an adder (1 damage)
             ... on level 2 of the Dungeon.
             The game lasted 00:04:02 (1537 turns).

IdlyInterested the Cudgeller (Demonspawn Gladiator) Turns: 1537, Time: 00:04:03

Health: 0/27       AC:  4    Str: 14    XL:     3   Next: 44%
Magic:  0/4        EV: 12    Int: 11    God:
Gold:   54         SH:  0    Dex: 14    Spells: 1/4 levels left

rFire   . . .      SeeInvis .   a - +0 flail
rCold   . . .      Faith    .   (no shield)
rNeg    . . .      Spirit   +   b - +0 leather armour
rPois   .          Reflect  .   c - +0 helmet
rElec   .          Harm     .   (no cloak)
rCorr   .          Rampage  .   (no gloves)
Will    .....                   (no boots)
Stlth   +.........              g - amulet of guardian spirit
HPRegen 0.09/turn               (no ring)
MPRegen 0.09/turn               (no ring)

@: lethally poisoned (0 -> -5), flying
A: claws 1
a: no special abilities


You were on level 2 of the Dungeon.
You visited 1 branch of the dungeon, and saw 2 of its levels.

You collected 54 gold pieces.

Inventory:

Hand Weapons
 a - a +0 flail (weapon)
Missiles
 d - 3 throwing nets (quivered)
 e - a javelin
Armour
 b - a +0 leather armour (worn)
 c - a +0 helmet (worn)
 k - an orb of guile
Magical Staves
 f - a staff of conjuration
Jewellery
 g - an amulet of guardian spirit (around neck)
Scrolls
 h - a scroll of amnesia {unknown}
 i - a scroll of summoning {unknown}
 l - 2 scrolls of enchant armour {unknown}
 m - a scroll of fear {unknown}


   Skills:
 - Level 2.0 Fighting
 + Level 3.3 Maces & Flails
 - Level 1.7 Throwing
 - Level 2.6 Dodging
 - Level 1.0 Stealth
 * Level 1.2 Unarmed Combat
 - Level 1.0 Spellcasting
 + Level 0.4 Conjurations


You had one spell level left.
You knew the following spells:

 Your Spells              Type           Power      Damage    Failure   Level
a - Tukima's Dance        Hex            0%         N/A       77%         3

Your spell library contained the following spells:

 Spells                   Type           Power      Damage    Failure   Level
 Portal Projectile        Hex/Tloc       0%         N/A       77%         3
 Blade Hands              Tmut           0%         N/A       100%        5


Dungeon Overview and Level Annotations

Branches:
Dungeon (2/15)

Altars:
Ashenzari


Innate Abilities, Weirdness & Mutations

You have sharp fingernails.


Message History

The adder is lightly wounded.
You feel sick. The adder closely misses you. x2
You miss the adder.
The adder is lightly wounded.
You feel sick. The adder misses you. The adder closely misses you.
You hit the adder.
The adder is heavily wounded.
You feel sick. The adder bites you but does no damage. The adder bites you.
You closely miss the adder.
The adder is heavily wounded.
You feel sick.
You are no longer poisoned.
The adder bites you.
You are poisoned.
The adder poisons you!
You closely miss the adder.
The adder is heavily wounded.
You feel very sick. The adder bites you. x2
* * * LOW HITPOINT WARNING * * *
You hit the adder.
The adder is almost dead.
You feel sick. The adder closely misses you.
The adder bites you but does no damage.
You barely miss the adder.
The adder is almost dead.
You feel sick. The adder barely misses you.
You sock the adder!
You kill the adder!
You feel sick. The adder bites you but does no damage.
It was a potion of flight.
You feel very buoyant.
You fly up into the air.
You feel sick. The adder bites you.
* * * LOW HITPOINT WARNING * * *
You are lethally poisoned!
The adder poisons you!
You barely miss the adder.
* * * LOW HITPOINT WARNING * * *
You feel sick. The adder bites you.
You die...

#.......#
#.#......
....>...< r##
..........
....######
.#.####...#
.........#
###. ...#
#....# ## ###
####S# #@#
##.# #..#
#########.###
#...........#
#.#########.#
##### #.# #.#
....###.#####
#.#
###.........#
##.##


You could see an adder.

Vanquished Creatures
  An adder (D:2)
  A worm (D:2)
  4 ball pythons (D:1)
  7 endoplasms
  3 giant cockroaches
  A goblin (D:1)
  A hobgoblin (D:1)
  A kobold (D:1)
  A quokka (D:1)
  3 bats (D:1)
  3 frilled lizards (D:1)
  8 rats
34 creatures vanquished.

Notes
Turn   | Place    | Note
-------+----------+-------------------------------------------
     0 | D:1      | IdlyInterested the Demonspawn Gladiator began the quest for
                  | the Orb.
     0 | D:1      | Reached XP level 1. HP: 16/16 MP: 1/1
   343 | D:1      | Reached skill level 3 in Maces & Flails
   420 | D:1      | Gained mutation: You have sharp fingernails. [demonic
                  | ancestry]
   420 | D:1      | Reached XP level 2. HP: 22/22 MP: 2/2
   807 | D:1      | Found a faded altar of an unknown god.
   812 | D:1      | Reached skill level 1 in Stealth
  1201 | D:2      | Reached skill level 1 in Spellcasting
  1201 | D:2      | Reached XP level 3. HP: 22/27 MP: 2/4
  1369 | D:2      | Learned a level 3 spell: Tukima's Dance
  1505 | D:2      | Reached skill level 1 in Unarmed Combat
  1505 | D:2      | Found a broken altar of Ashenzari.
  1537 | D:2      | HP: 1/27 [poisoned by an adder]
  1537 | D:2      | Slain by an adder

Illustrated notes

Levels and vault maps discovered:
D:1:      amcnicky_arrival_flooded_fountain, layout_loops_ring,
          dreamdust_ecumenical_altar_angels_and_demons,
          chequers_serial_rivers_small_3, chequers_serial_rivers_micro_a,
          chequers_hall_statues_wall_a
D:2:      minmay_angry_zag, layout_loops_ring, basic_altar

Skill      XL: |  1  2  3 |
---------------+----------+-----
Maces & Flails | 3 |  3.3
Stealth        | 1 |  1.0
Spellcasting   | 1 |  1.0
Unarmed Combat | 1 |  1.2
Fighting       | |  2.0
Throwing       | |  1.7
Dodging        | |  2.6
Conjurations   | |  0.4

Action                   || total
-------------------------++-------
Melee: Flail             ||    94
  Use: Potion            ||     1
 Stab: Sleeping          ||     5
Armor: Leather armour    ||    42
Dodge: Dodged            ||    50

Table legend: (Time is in decaauts)
 A = Elapsed time spent in this place.
 B = Non-inter-level travel time spent in this place.
 C = Inter-level travel time spent in this place.
 D = Time resting spent in this place.
 E = Time spent auto-exploring this place.
 F = Levels seen in this place.
 G = Mean time per level.
                   A        B        C        D        E       F      G
               +--------+--------+--------+--------+--------+-----+--------+
         Total |   1563 |   1458 |    105 |    121 |   1010 |   2 |  781.5 |
       Dungeon |   1563 |   1458 |    105 |    121 |   1010 |   2 |  781.5 |
               +--------+--------+--------+--------+--------+-----+--------+

Top non-repeatable levels by time:
     D:1: 1318 daAuts
     D:2: 245 daAuts
